 Dungeon Crawl Stone Soup version 0.30-a0-883-g5ad918d77d (webtiles) character file.

Game seed: 2905055505486718389

4326 Newt the Skirmisher (level 10, -6/53 HPs)
             Began as a Kobold Hunter on Mar 15, 2023.
             Was a Believer of Hepliaklqana.
             Mangled by a two-headed ogre
             ... wielding a +0 giant club
              (10 damage)
             ... on level 7 of the Dungeon.
             The game lasted 00:10:29 (10051 turns).

Newt the Skirmisher (Kobold Hunter)                Turns: 10051, Time: 00:10:30

Health: -6/53      AC:  8    Str:  8    XL:     10   Next: 58%
Magic:  17/17      EV: 18    Int: 11    God:    Hepliaklqana [**....]
Gold:   326        SH:  0    Dex: 23    Spells: 15/18 levels left

rFire   + . .      SeeInvis .    y - +3 arbalest (flame)
rCold   + . .      Faith    +    (shield currently unavailable)
rNeg    . . .      Spirit   .    q - +2 leather armour {rC+}
rPois   +          Reflect  .    s - +0 helmet
rElec   .          Rampage  .    e - +0 cloak
rCorr   .                        (no gloves)
Will    .....                    h - +0 pair of boots
Stlth   +++                      r - amulet of faith
HPRegen 0.28/turn                d - ring of protection from fire
MPRegen 0.15/turn                o - ring of poison resistance

@: no status effects
A: reduced essence, small, no large weapons, nightstalker 3
a: Renounce Religion, Recall Ancestor, Ancestor Identity


You were on level 7 of the Dungeon.
You worshipped Hepliaklqana.
Hepliaklqana was pleased with you.
You visited 2 branches of the dungeon, and saw 9 of its levels.
You also visited: Bailey.

You collected 326 gold pieces.

Inventory:

Hand Weapons
 a - a +0 shortbow
 v - a +2 sling of freezing
 y - a +3 arbalest of flaming (weapon)
Missiles
 E - a throwing net
Armour
 c - a +0 leather armour
 e - a +0 cloak (worn)
 h - a +0 pair of boots (worn)
 j - a +1 robe of resistance
 k - a +4 scale mail of willpower
 q - a +2 leather armour of cold resistance (worn)
 s - a +0 helmet (worn)
 x - a +2 robe of positive energy
 z - a +4 scale mail of fire resistance
Jewellery
 d - a ring of protection from fire (left hand)
 f - a ring of magical power
 o - a ring of poison resistance (right hand)
 r - an amulet of faith (around neck)
 u - a ring of protection from cold
Wands
 m - a wand of polymorph (3)
 w - a wand of mindburst (17)
Scrolls
 b - a scroll of blinking
 g - 4 scrolls of teleportation
 i - a scroll of butterflies
 l - 2 scrolls of noise
 t - 2 scrolls of fog
 F - 2 scrolls of identify
 G - a scroll of poison
 I - a scroll of immolation
Potions
 p - 2 potions of heal wounds
 A - 2 potions of haste
 B - a potion of might {unknown}
 C - a potion of mutation {unknown}
 D - a potion of cancellation
 H - a potion of flight {unknown}


   Skills:
 - Level 5.0 Fighting
 - Level 14.0 Ranged Weapons
 - Level 6.0 Dodging
 - Level 1.3 Stealth
 + Level 4.8 Spellcasting
 + Level 4.8 Hexes
 + Level 4.8 Translocations


You had 15 spell levels left.
You knew the following spells:

 Your Spells              Type           Power      Damage    Failure   Level
a - Portal Projectile     Hex/Tloc       26%        N/A       13%         3

Your spell library contained the following spells:

 Spells                   Type           Power      Damage    Failure   Level
 Confusing Touch          Hex            13%        N/A       13%         3
 Kiss of Death            Conj/Necr      8%         2d6       32%         1
 Sting                    Tmut/Pois      8%         1d3       32%         1
 Scorch                   Fire           4%         2d5       43%         2
 Call Canine Familiar     Summ           2%         N/A       67%         3
 Leda's Liquefaction      Hex/Erth       4%         N/A       75%         4
 Dispel Undead            Necr           2%         3d7       97%         4
 Flame Wave               Conj/Fire      2%         2d4       97%         4
 Summon Cactus Giant      Summ           1%         N/A       100%        6


Dungeon Overview and Level Annotations

Branches:
Dungeon (8/15)             Temple (1/1) D:7          Bailey (visited)
   Lair: D:8-11

Altars:
Ashenzari
Cheibriados
Dithmenos
Elyvilon
Fedhas
Gozag
Hepliaklqana
Kikubaaqudgha
Makhleb
Nemelex Xobeh
Okawaru
Qazlal
Ru
Sif Muna
Trog
Uskayaw
Vehumet
Xom
Yredelemnul
Zin
The Shining One

Shops:
D:1 [

Annotations:
D:8 Grum


Innate Abilities, Weirdness & Mutations

Your life essence is reduced to manifest your ancestor. (-10% HP)
You are small and have problems with some larger weapons.
You are completely attuned to the shadows.


Message History

The wolf bites you but does no damage.
Unknown command.
Aiming: Bolt of Light
Press: ? - help, Shift-Dir - straight line, f/p - two-headed ogre
Aim: a two-headed ogre, wielding two +0 giant clubs (moderately wounded, 86% to hit)
The bolt of light hits the two-headed ogre.
The two-headed ogre is heavily wounded.
The two-headed ogre is blinded.
The now-empty wand crumbles to dust.
The wolf completely misses you.
Zolin misses the wolf.
The two-headed ogre misses you.
The two-headed ogre hits you with a +0 giant club!
* * * LOW HITPOINT WARNING * * *
The wolf bites you.
* * * LOW HITPOINT WARNING * * *
Unknown command.
Unknown command.
You feel much better. The wolf completely misses you.
Zolin barely misses the wolf.
The two-headed ogre closely misses you.
The two-headed ogre completely misses you.
Unknown command.
You shoot a bolt. The bolt hits the two-headed ogre!
The bolt burns the two-headed ogre.
The two-headed ogre is severely wounded.
The wolf bites you but does no damage. The wolf bites you.
Zolin misses the wolf.
The wolf barely misses you.
Unknown command.
You shoot a bolt. The bolt hits the two-headed ogre.
The bolt burns the two-headed ogre.
The two-headed ogre is severely wounded.
The wolf completely misses you. The two-headed ogre barely misses you.
The two-headed ogre hits you with a +0 giant club!!
* * * LOW HITPOINT WARNING * * *
The wolf closely misses you.
You shoot a bolt. The bolt hits the two-headed ogre!
The bolt burns the two-headed ogre.
The two-headed ogre is almost dead.
The wolf completely misses you.
Zolin hits the wolf with a +0 flail!
The two-headed ogre closely misses you.
The two-headed ogre hits you with a +0 giant club!
You die...

############# #.........
#...........# #...~≈≈~~~
#...........# #...~#####
#...........#######...~#...#
#...........#.........~#.∩.#
#...........#.#####...≈#)).#
#...........#.#####...~##)##
#...........#.....R...~~~~≈~
#.........h@#######.........
#.........RO................
#...........#######.........
##########.....#........####
#.....#.###########
#...#.........<....
#.....#.##.........
#.)......+.........
#.########.........


You could see the friendly Zolin the knight, a two-headed ogre (blind) and a
wolf (ally target).

Vanquished Creatures
  Pikel (D:5)
  A gargoyle (Bailey)
  Sigmund (D:4)
  A vampire (Bailey)
  A wyvern (D:8)
  A steam dragon (D:6)
  Menkaure (D:7)
  The ghost of deadpool521 the Shield-Bearer, an amateur MiFi (D:3)
  A black bear (D:3)
  A hornet zombie (D:3)
  2 ogres (D:5)
  2 wolves (D:7)
  3 centaurs
  A lemure (D:5)
  A phantom (D:4)
  3 scorpions (D:5)
  A bullfrog (D:7)
  A gnoll sergeant (D:6)
  A wight (D:7)
  A water moccasin skeleton (D:3)
  8 vampire bats (Bailey)
  6 wolf zombies (Bailey)
  2 hounds
  4 orc priests
  A bullfrog skeleton (D:3)
  2 sleepcaps
  Ijyb (D:2)
  3 iguanas
  Natasha (thrice) (D:3)
  4 orc wizards
  Robin (D:3)
  5 gnolls (D:6)
  13 adders
  An ufetubus (D:7)
  3 worms
  4 orcs
  4 ball pythons
  9 endoplasms
  5 giant cockroaches
  11 hobgoblins
  3 jackals (D:3)
  4 quokkas
  5 bats
  4 frilled lizards
  13 goblins
  8 kobolds
  17 orc zombies (Bailey)
  5 rats
175 creatures vanquished.

Vanquished Creatures (collateral kills)
  A wolf (D:8)
  An adder (D:6)
  A white imp (D:6)
3 creatures vanquished.

Grand Total: 178 creatures vanquished

Notes
Turn   | Place    | Note
-------+----------+-------------------------------------------
     0 | D:1      | Newt the Kobold Hunter began the quest for the Orb.
     0 | D:1      | Reached XP level 1. HP: 12/12 MP: 1/1
   235 | D:1      | Reached XP level 2. HP: 17/18 MP: 2/2
   503 | D:1      | Found Kaoll's Antique Armour Emporium.
   824 | D:2      | Reached XP level 3. HP: 17/24 MP: 3/3
  1269 | D:2      | Found a faded altar of an unknown god.
  1280 | D:2      | Got Plato's Vellum of Contaminants
  1394 | D:2      | Found a glowing silver altar of Zin.
  1467 | D:2      | Reached XP level 4. HP: 27/30 MP: 4/4
  1686 | D:3      | Noticed Natasha
  1689 | D:3      | Killed Natasha
  1694 | D:3      | Reached skill level 5 in Fighting
  1933 | D:3      | Found a runed translucent gate.
  1934 | D:3      | Found a runed translucent gate.
  1935 | D:3      | Found a runed translucent gate.
  1937 | D:3      | Noticed deadpool521's ghost (amateur MiFi)
  1945 | D:3      | Noticed Natasha
  1977 | D:3      | Killed Natasha
  1978 | D:3      | Reached skill level 6 in Ranged Weapons
  1978 | D:3      | Reached XP level 5. HP: 24/35 MP: 5/5
  2115 | D:3      | Noticed Natasha
  2130 | D:3      | Killed Natasha
  2492 | D:3      | Reached skill level 7 in Ranged Weapons
  2950 | D:3      | Reached XP level 6. HP: 40/40 MP: 6/6
  3118 | D:3      | Noticed a black bear
  3130 | D:3      | Killed a black bear
  3131 | D:3      | Reached skill level 8 in Ranged Weapons
  3307 | D:3      | Found a shadowy altar of Dithmenos.
  3325 | D:3      | Noticed Ijyb
  3336 | D:3      | Noticed Robin
  3366 | D:2      | Killed Ijyb
  3706 | D:3      | Killed Robin
  3739 | D:3      | Reached XP level 7. HP: 41/44 MP: 7/7
  3915 | D:3      | Reached skill level 9 in Ranged Weapons
  3932 | D:3      | Killed deadpool521's ghost
  3940 | D:3      | Reached skill level 10 in Ranged Weapons
  4358 | D:4      | Identified the +9 spear of Doom {pain, *Slow rElec Str-4
                  | Dex+8}
  4456 | D:4      | Reached XP level 8. HP: 46/49 MP: 8/8
  4494 | D:4      | Reached skill level 5 in Dodging
  4648 | D:4      | Noticed Sigmund
  4652 | D:4      | Killed Sigmund
  5721 | D:5      | Entered Level 5 of the Dungeon
  5822 | D:5      | Reached skill level 11 in Ranged Weapons
  6196 | D:5      | Reached skill level 12 in Ranged Weapons
  6196 | D:5      | Reached XP level 9. HP: 54/54 MP: 9/9
  6360 | D:5      | Noticed Pikel
  6383 | D:5      | Killed Pikel
  6384 | D:5      | Reached skill level 13 in Ranged Weapons
  6772 | D:5      | You fall into a shaft and drop 3 floors!
  6795 | D:8      | Reached skill level 14 in Ranged Weapons
  6863 | D:7      | Reached skill level 1 in Spellcasting
  6863 | D:7      | Reached skill level 1 in Hexes
  6863 | D:7      | Reached skill level 1 in Translocations
  6865 | D:7      | Found a staircase to the Ecumenical Temple.
  6871 | Temple   | Entered the Ecumenical Temple
  7015 | Temple   | Became a worshipper of Hepliaklqana the Forgotten
  7270 | D:7      | Found a flagged portal.
  7280 | Bailey   | Entered a bailey
  7393 | Bailey   | Noticed a gargoyle
  7407 | Bailey   | Killed a gargoyle
  7751 | Bailey   | Learned a level 3 spell: Portal Projectile
  7802 | Bailey   | Reached XP level 10. HP: 43/59 MP: 7/14
  8631 | D:7      | Noticed Menkaure
  8632 | D:7      | Killed Menkaure
  8663 | D:7      | Found an iron altar of Okawaru.
  8860 | D:7      | Reached * piety under Hepliaklqana
  8909 | D:8      | Noticed Grum
  8912 | D:8      | Noticed a two-headed ogre
  9030 | D:6      | Found a white marble altar of Elyvilon.
  9269 | D:6      | Found a glowing golden altar of the Shining One.
  9271 | D:6      | Found a blossoming altar of Fedhas.
  9558 | D:6      | Reached ** piety under Hepliaklqana
  9559 | D:6      | Remembered your ancestor Zolin as a knight
 10047 | D:7      | HP: 2/53 [wolf[Grum] (6)]
 10051 | D:7      | Mangled by a two-headed ogre

Illustrated notes

Levels and vault maps discovered:
D:1:      dpeg_arrival_short_road, layout_basic, serial_shops, shop,
          roderic_serpentine_path
D:2:      layout_basic, shapermc_ecumenical_altar_rom_forum, basic_altar,
          minivault_4, bh_walls_and_bars
D:3:      layout_basic, mainiacjoe_overflow_catwalk, gammafunk_ghost_necromancy,
          uniq_natasha, uniq_robin, uniq_ijyb
D:4:      layout_basic, uniq_sigmund
D:5:      layout_rooms, minmay_large_rounded_square, uniq_pikel
D:6:      layout_basic, elyvilon_altar_1, minitemple, roderic_lattice_a
D:7:      layout_basic, marbit_many_paths, minmay_temple_entry_proselytizer,
          enter_bailey_3, minmay_fountain_box, uniq_menkaure
D:8:      layout_rooms, serial_demonic, serial_demonic_f, serial_demonic_e,
          serial_demonic_f, serial_demonic_b, nicolae_sextant,
          kennysheep_generic_room_16, uniq_grum
Temple:   minmay_temple_bridge_d

Skill      XL: |  1  2  3  4  5  6  7  8  9 10 |
---------------+-------------------------------+-----
Fighting       | 3 4 5 |  5.0
Ranged Weapons | 6 7 8 10 12 14 | 14.0
Dodging        | 4 6 |  6.0
Spellcasting   | 2 4 |  4.8
Hexes          | 2 4 |  4.8
Translocations | 2 4 |  4.8
Stealth        | |  1.3

Action                     |  1- 3 |  4- 6 |  7- 9 | 10-12 || total
---------------------------+-------+-------+-------+-------++-------
  Melee: Unarmed           |       |    24 |       |       ||    24
   Fire: Shortbow          |    99 |   151 |    44 |       ||   294
         Sling             |       |       |   216 |     1 ||   217
         Arbalest          |       |       |       |   104 ||   104
   Cast: Portal Projectile |       |       |     1 |       ||     1
 Invoke: Ancestor Life: Kn |       |       |       |     1 ||     1
  Evoke: Wand              |       |     3 |     9 |     1 ||    13
    Use: Scroll            |     3 |     4 |     6 |       ||    13
         Potion            |       |     1 |     6 |     1 ||     8
 Armour: Leather armour    |    12 |    34 |    18 |    35 ||    99
         Skin              |       |     3 |       |       ||     3
  Dodge: Dodged            |    42 |   106 |    89 |   135 ||   372

Table legend: (Time is in decaauts)
 A = Elapsed time spent in this place.
 B = Non-inter-level travel time spent in this place.
 C = Inter-level travel time spent in this place.
 D = Time resting spent in this place.
 E = Time spent auto-exploring this place.
 F = Levels seen in this place.
 G = Mean time per level.
                   A        B        C        D        E       F      G
               +--------+--------+--------+--------+--------+-----+--------+
         Total |  10076 |   9686 |    390 |   2822 |   5576 |  10 | 1007.6 |
       Dungeon |   8659 |   8354 |    305 |   2185 |   5063 |   8 | 1082.4 |
        Temple |    217 |    132 |     85 |      0 |    125 |   1 |  217.0 |
        Bailey |   1200 |   1200 |      0 |    637 |    387 |   1 | 1200.0 |
               +--------+--------+--------+--------+--------+-----+--------+

Top non-repeatable levels by time:
     D:3: 1942 daAuts
     D:4: 1567 daAuts
     D:2: 1460 daAuts
  Bailey: 1200 daAuts
     D:5: 1095 daAuts
     D:6: 1043 daAuts
     D:1: 797 daAuts
     D:7: 721 daAuts
  Temple: 217 daAuts
     D:8: 31 daAuts
